 Dungeon Crawl Stone Soup version 0.26.0-45-g9c1d065592 (webtiles) character file.

Game seed: 17734955087365220357

11040 BOMJPIETVODKU the Carver (level 11, 0/89 HPs)
             Began as a Demonspawn Fighter on Jan 28, 2021.
             Was a Priest of Nemelex Xobeh.
             Slain by a minotaur
             ... wielding a +2 eveningstar of protection
              (14 damage)
             ... in a Gauntlet.
             The game lasted 00:41:22 (12599 turns).

BOMJPIETVODKU the Carver (Demonspawn Fighter)      Turns: 12599, Time: 00:41:22

Health: 0/89       AC: 13    Str: 24      XL:     11   Next: 44%
Magic:  11/11      EV: 12    Int:  9 (10) God:    Nemelex Xobeh [***...]
Gold:   648        SH: 11    Dex: 12      Spells: 10/10 levels left

rFire    + . .     SeeInvis .   x - +2 long sword (freeze)
rCold    + + .     Faith    .   c - +0 kite shield
rNeg     + . .     Spirit   .   s - +3 ring mail of Husizemo {rPois rN+ Regen+}
rPois    +         Reflect  .   (no helmet)
rElec    .         Harm     .   p - +0 cloak
rCorr    .         Rampage  .   (no gloves)
Will     .....     NoTele   +   (no boots)
Stlth    +.........             (no amulet)
HPRegen  0.64/turn              w - ring of the Pariah {rPois rC+ Str+4 Slay+3}
MPRegen  0.12/turn              h - ring of protection from fire

@: mighty
A: thin metallic scales 2, cold resistance 1, demonic guardian 1, freezing cloud
immunity
a: Renounce Religion, Draw Escape, Draw Destruction, Draw Summoning, Triple Draw


You were in a Gauntlet.
You worshipped Nemelex Xobeh.
Nemelex Xobeh was most pleased with you.
You visited 2 branches of the dungeon, and saw 13 of its levels.
You also visited: Gauntlet.

You collected 648 gold pieces.

Inventory:

Hand Weapons
 a - a +0 long sword
 x - a +2 long sword of freezing (weapon)
Missiles
 J - 66 stones (quivered)
Armour
 b - a +0 scale mail
 c - a +0 kite shield (worn)
 p - a +0 cloak (worn)
 s - the +3 ring mail of Husizemo (worn) {rPois rN+ Regen+}
   (You found it on level 4 of the Dungeon)

   It protects you from poison.
   It protects you from negative energy.
   It increases your rate of regeneration.
 G - the +3 ring mail of Tartarus {rElec rC- Str+4 Int+6}
   (You found it on level 9 of the Dungeon)

   It affects your strength (+4).
   It affects your intelligence (+6).
   It makes you vulnerable to cold.
   It insulates you from electricity.
 K - a +0 tower shield
 L - a scarf of repulsion
Jewellery
 g - an uncursed ring of stealth
 h - a ring of protection from fire (right hand)
 u - an uncursed ring of magical power
 w - the ring of the Pariah (left hand) {rPois rC+ Str+4 Slay+3}
   (You found it on level 11 of the Dungeon)

   [ring of protection from cold]

   It affects your strength (+4).
   It affects your accuracy and damage with ranged weapons and melee attacks
   (+3).
   It protects you from cold.
   It protects you from poison.
 y - an uncursed ring of magical power
 M - an uncursed amulet of faith
Wands
 E - a wand of iceblast (13)
 H - a wand of polymorph (10)
Scrolls
 j - 4 scrolls of magic mapping
 k - 6 scrolls of remove curse
 l - 6 scrolls of teleportation
 n - 2 scrolls of fog
 o - 4 scrolls of enchant armour {unknown}
 q - 2 scrolls of fear {unknown}
 v - 4 scrolls of amnesia {unknown}
 z - a scroll of summoning {unknown}
 B - 2 scrolls of immolation {unknown}
 I - a scroll of vulnerability {unknown}
Potions
 d - a potion of might
 f - 5 potions of lignification
 i - 3 potions of heal wounds
 m - a potion of brilliance
 r - 3 potions of attraction
 t - 2 potions of ambrosia
 A - 2 potions of degeneration
 C - a potion of cancellation
 D - 2 potions of curing
 F - a potion of magic


   Skills:
 * Level 9.1 Fighting
 * Level 10.7 Long Blades
 + Level 6.5 Armour
 + Level 4.9 Dodging
 + Level 7.4 Shields
 + Level 0.4 Evocations


You had 10 spell levels left.
You didn't know any spells.
Your spell library contained the following spells:

 Spells                   Type           Power        Failure   Level
 Beastly Appendage        Tmut           0%           85%         1
 Wereblood                Tmut           0%           94%         2
 Spider Form              Tmut/Pois      0%           99%         3
 Ice Form                 Ice/Tmut       0%           100%        4
 Blade Hands              Tmut           0%           100%        5


Dungeon Overview and Level Annotations

Branches:
Dungeon (12/15)            Temple (1/1) D:5            Lair (0/6) D:8
    Orc (0/2) D:12        Gauntlet (1/1)

Altars:
Ashenzari
Cheibriados
Dithmenos
Elyvilon
Fedhas
Gozag
Hepliaklqana
Kikubaaqudgha
Makhleb
Nemelex Xobeh
Okawaru
Qazlal
Ru
Sif Muna
Trog
Uskayaw
Vehumet
Wu Jian
Xom
Yredelemnul
Zin
The Shining One

Shops:
D:5 [

Annotations:
Gauntlet 8 transporters, 2 runed translucent doors


Innate Abilities, Weirdness & Mutations

You are mostly covered in thin metallic scales. (AC +3)
Your flesh is cold resistant. (rC+)
A weak demonic guardian rushes to your aid.
You are immune to freezing clouds.


Message History

The silver javelin barely misses your iron imp.
The silver javelin closely misses you.
Your iron imp hits the minotaur!
You swap places.
The minotaur hits you with a +2 eveningstar of protection!!
* * * LOW HITPOINT WARNING * * *
You block the minotaur's attack. The minotaur barely misses you.
The minotaur gores you.
* * * LOW HITPOINT WARNING * * *
You hit the minotaur but do no damage.
The minotaur is moderately wounded.
You block the minotaur's attack. The minotaur closely misses you.
You hit the minotaur. You freeze the minotaur.
The minotaur is moderately wounded.
Your iron imp barely misses the minotaur.
The minotaur furiously retaliates!
The minotaur headbutts your iron imp.
You slash the minotaur! You freeze the minotaur.
The minotaur is heavily wounded.
The minotaur barely misses you. The minotaur gores you!
You die...
Your body glows with a rainbow of weird colours and disappears.

..Zk#.♣..##.. #....#
©.#Z#.PP..#.♣.##.##.# .
#Z#..P♣.#......##.#
.##?#...P.#.©.##.##.###
....#.....#...##....#.# ≈#
#####.....#.©.##.##.#.#.≈≈#
.......∩..#.....(##.'...∩≈#
#####.....#.©.##5##(#.#.≈≈#
...z#.....#..†##@H((#.# ≈#
.##z#...P.#.©.##.##.###
#..##..P♣.#†.....##.#
©##©#.....#.♣.##.##.#
#..##.♣..##...##....#
.##.#...###.♣.#######
zzzz#...≈##...#
#####.P.≈≈##### ......♣.≈##


You could see a minotaur and a friendly iron imp (summoned).

Vanquished Creatures
  2 two-headed ogres
  An ugly thing (D:11)
  Psyche (D:11)
  2 trolls
  A queen bee (Gauntlet)
  Prince Ribbit (D:7)
  2 redbacks (Gauntlet)
  Eustachio (D:5)
  A wyvern (D:12)
  20 yaks
  A neqoxec (Gauntlet)
  2 chaos spawn (Gauntlet)
  A vampire mosquito (D:12)
  Edmund (D:6)
  An acid dragon (D:11)
  An orc warrior (D:10)
  2 ice beasts
  4 sky beasts
  A black bear (D:8)
  5 phantoms
  An ogre (D:4)
  5 centaurs
  A big kobold (D:9)
  3 bullfrogs
  A scorpion (D:6)
  8 killer bees
  7 wights
  3 hounds
  A quasit (D:6)
  A jelly (D:9)
  Crazy Yiuf (D:5)
  A bullfrog skeleton (D:8)
  6 orc priests
  2 centaur skeletons
  7 orc wizards
  3 iguanas
  5 worker ants
  A hound skeleton (D:8)
  2 worker ant zombies
  A howler monkey zombie (D:5)
  5 adders
  A gnoll (D:2)
  A shadow imp (D:7)
  4 white imps
  2 oozes
  2 adder skeletons
  3 dart slugs
  2 worms
  9 leopard geckos
  34 orcs
  3 giant cockroaches
  7 goblins
  7 hobgoblins
  8 jackals
  2 quokkas
  A ball python (D:2)
  10 bats
  8 frilled lizards
  16 kobolds
  A quokka skeleton (D:7)
  8 rats
245 creatures vanquished.

Vanquished Creatures (collateral kills)
  An elephant (D:7)
  A wraith (D:11)
  A yak (D:9)
  A chaos spawn (Gauntlet)
  An orc warrior (D:7)
  An ogre (D:2)
  A water moccasin zombie (D:5)
  A killer bee (Gauntlet)
  An orc wizard (D:6)
  A bullfrog skeleton (D:5)
  An orc (D:3)
  A ball python (D:12)
12 creatures vanquished.

Vanquished Creatures (others)
  3 fungi (D:8)
  20 plants
23 creatures vanquished.

Grand Total: 280 creatures vanquished

Notes
Turn   | Place    | Note
-------+----------+-------------------------------------------
     0 | D:1      | BOMJPIETVODKU the Demonspawn Fighter began the quest for
                  | the Orb.
     0 | D:1      | Reached XP level 1. HP: 18/18 MP: 1/1
   158 | D:1      | Gained mutation: A weak demonic guardian rushes to your
                  | aid. [demonic ancestry]
   158 | D:1      | Reached XP level 2. HP: 24/24 MP: 2/2
   276 | D:1      | Reached skill level 2 in Long Blades
   823 | D:2      | Reached XP level 3. HP: 29/29 MP: 3/3
   986 | D:2      | Found a faded altar of an unknown god.
  1928 | D:2      | Reached skill level 1 in Dodging
  2087 | D:2      | Reached XP level 4. HP: 35/35 MP: 4/4
  2284 | D:3      | Noticed an ogre
  2357 | D:2      | Killed an ogre
  2688 | D:3      | Found a snail-covered altar of Cheibriados.
  2688 | D:3      | Found a bloodstained altar of Trog.
  2722 | D:3      | Found a broken altar of Ashenzari.
  2802 | D:2      | Gained mutation: You are partially covered in thin metallic
                  | scales. (AC +2) [demonic ancestry]
  2802 | D:2      | Reached XP level 5. HP: 33/41 MP: 5/5
  3251 | D:3      | Reached skill level 3 in Long Blades
  3668 | D:4      | Found a white marble altar of Elyvilon.
  3791 | D:4      | Noticed an ogre
  3824 | D:4      | Killed an ogre
  3825 | D:4      | Reached XP level 6. HP: 45/48 MP: 6/6
  4081 | D:4      | Got an agate-encrusted ring mail
  4092 | D:4      | Identified the +3 ring mail of Husizemo {rPois rN+ Regen+}
                  | (You found it on level 4 of the Dungeon)
  4364 | D:5      | Entered Level 5 of the Dungeon
  4394 | D:5      | Found a hide-covered altar of Uskayaw.
  4578 | D:5      | Reached skill level 4 in Long Blades
  4644 | D:5      | Found a staircase to the Ecumenical Temple.
  4661 | Temple   | Entered the Ecumenical Temple
  4884 | Temple   | Became a worshipper of Nemelex Xobeh the Trickster
  4971 | D:5      | Found Seloxela's Antique Armour Boutique.
  5076 | D:5      | Found a runed translucent door.
  5077 | D:5      | Noticed Crazy Yiuf
  5101 | D:5      | Killed Crazy Yiuf
  5227 | D:5      | Reached XP level 7. HP: 55/55 MP: 7/7
  5417 | D:6      | Noticed Eustachio
  5592 | D:5      | Killed Eustachio
  5664 | D:6      | Found an opulent altar of Gozag.
  5749 | D:6      | Reached skill level 5 in Long Blades
  5767 | D:6      | Reached skill level 5 in Fighting
  5827 | D:6      | Noticed Edmund
  5850 | D:6      | Killed Edmund
  5851 | D:6      | Gained mutation: You are mostly covered in thin metallic
                  | scales. (AC +3) [demonic ancestry]
  5851 | D:6      | Reached XP level 8. HP: 54/62 MP: 8/8
  6250 | D:6      | Reached * piety under Nemelex Xobeh
  6666 | D:7      | Noticed a two-headed ogre
  6782 | D:7      | Received a gift from Nemelex Xobeh
  6798 | D:7      | Noticed Prince Ribbit
  6814 | D:7      | Killed Prince Ribbit
  6815 | D:7      | Reached skill level 6 in Long Blades
  6892 | D:7      | Reached skill level 5 in Shields
  6932 | D:7      | Noticed an elephant
  6932 | D:7      | a two-headed ogre changed into an elephant
  6943 | D:7      | Killed an elephant
  6944 | D:7      | Reached skill level 5 in Armour
  6944 | D:7      | Gained mutation: Your flesh is cold resistant. (rC+)
                  | [demonic ancestry]
  6944 | D:7      | Reached XP level 9. HP: 66/69 MP: 9/9
  7279 | D:7      | Reached skill level 7 in Long Blades
  7772 | D:8      | Found a staircase to the Lair.
  7776 | D:8      | Reached ** piety under Nemelex Xobeh
  7791 | D:8      | Noticed a two-headed ogre
  7802 | D:8      | Killed a two-headed ogre
  8042 | D:8      | Found a shadowy altar of Dithmenos.
  8337 | D:8      | Found an ancient bone altar of Kikubaaqudgha.
  8351 | D:8      | Reached skill level 8 in Long Blades
  8476 | D:9      | Got a bloodstained ring mail
  8477 | D:9      | Identified the +3 ring mail of Tartarus {rElec rC- Str+4
                  | Int+6} (You found it on level 9 of the Dungeon)
  8571 | D:9      | Noticed a troll
  8589 | D:9      | Reached XP level 10. HP: 56/79 MP: 10/10
  8954 | D:10     | Entered Level 10 of the Dungeon
  8958 | D:10     | Noticed a two-headed ogre
  9230 | D:10     | Identified the cursed +1 leather armour of the Dice {rElec
                  | Dex+4}
  9249 | D:10     | Killed a two-headed ogre
  9573 | D:9      | Reached skill level 9 in Long Blades
 10692 | D:11     | Reached *** piety under Nemelex Xobeh
 11106 | D:11     | Reached skill level 10 in Long Blades
 11106 | D:11     | Gained mutation: You are immune to freezing clouds.
                  | [demonic ancestry]
 11106 | D:11     | Reached XP level 11. HP: 87/87 MP: 11/11
 11143 | D:11     | Noticed a white ugly thing
 11229 | D:11     | Killed a white ugly thing
 11438 | D:11     | Got a slimy wooden ring
 11447 | D:11     | Identified the ring of the Pariah {rPois rC+ Str+4 Slay+3}
                  | (You found it on level 11 of the Dungeon)
 11651 | D:11     | Noticed Psyche
 11657 | D:11     | Killed Psyche
 11719 | D:12     | Found a staircase to the Orcish Mines.
 11783 | D:12     | Noticed a boulder beetle
 11790 | D:12     | Noticed a white ugly thing
 11793 | D:12     | Noticed an emperor scorpion
 11793 | D:12     | a boulder beetle changed into an emperor scorpion
 11943 | D:12     | Found a gate leading to a gauntlet.
 11955 | Gauntlet | Entered a Gauntlet
 11955 | Gauntlet | Found a transporter.
 11958 | Gauntlet | Found a transporter.
 11960 | Gauntlet | Found a transporter.
 11975 | Gauntlet | Found a transporter.
 11976 | Gauntlet | Found a transporter.
 11981 | Gauntlet | Received a gift from Nemelex Xobeh
 11988 | Gauntlet | Found a transporter.
 12002 | Gauntlet | Found a transporter.
 12012 | Gauntlet | Found a transporter.
 12014 | Gauntlet | Noticed a death drake
 12019 | Gauntlet | Noticed a green death
 12022 | Gauntlet | Found a transporter.
 12028 | Gauntlet | Found a transporter.
 12045 | Gauntlet | Found a transporter.
 12051 | Gauntlet | Found a runed translucent door.
 12054 | Gauntlet | Found a transporter.
 12056 | Gauntlet | Found a runed translucent door.
 12057 | Gauntlet | Found a transporter.
 12282 | Gauntlet | Found a transporter.
 12574 | Gauntlet | Noticed a minotaur
 12599 | Gauntlet | Slain by a minotaur

Illustrated notes

Levels and vault maps discovered:
D:1:      scummos_arrival_hexagon, layout_basic, moated_statue
D:2:      layout_basic, chequers_ecumenical_altar_simple, cheibrodos_gnoll_hut
D:3:      layout_basic, lemuel_crystal_altar, gammafunk_temple_overflow_wave
D:4:      layout_loops_cross, elyvilon_altar_1
D:5:      layout_basic, eat_drink_and_be_merry_uskayaw, temple_statues,
          serial_shops, shop, uniq_crazy_yiuf_cottage
D:6:      layout_rooms, grunt_gozag_statues, serial_bayou,
          serial_bayou_lagoon_a, serial_bayou_shore_a, serial_bayou_shore_b,
          serial_bayou_pond_c, uniq_eustachio, uniq_edmund
D:7:      layout_loops_corners, uniq_prince_ribbit1
D:8:      layout_loops_ring, lemuel_crystal_altar, dpeg_oklobed_lair,
          grunt_dithmenos_smoke
D:9:      layout_basic, serial_shops, kennysheep_little_box
D:10:     layout_basic
D:11:     layout_irregular_city, uniq_psyche
D:12:     minmay_four_partial_circles, layout_loops_corners,
          gauntlet_entry_generic, kennysheep_generic_room_5
Temple:   regret_index_temple_generic_petals
Gauntlet: minmay_gauntlet_77_tree [minmay_gauntlet_arena_77_two_lines,
          minmay_gauntlet_arena_77_fan, minmay_gauntlet_arena_77_shame_cube,
          minmay_gauntlet_arena_77_chump_sandwich,
          minmay_gauntlet_arena_77_braids, minmay_gauntlet_arena_77_p_blocks,
          minmay_gauntlet_arena_77_tiled_triplets, gauntlet_exit_watery]

Skill      XL: |  1  2  3  4  5  6  7  8  9 10 11 |
---------------+----------------------------------+-----
Shields        | 3 4 5 7 |  7.4
Long Blades    | 2 3 4 5 6 8 10 | 10.7
Dodging        | 1 2 3 4 |  4.9
Armour         | 3 4 5 6 |  6.5
Fighting       | 4 5 6 7 8 9 |  9.1
Evocations     | |  0.4

Action                   |  1- 3 |  4- 6 |  7- 9 | 10-12 || total
-------------------------+-------+-------+-------+-------++-------
Melee: Long sword        |   132 |   189 |   329 |   397 ||  1047
Invok: Draw Destruction  |       |       |     1 |     1 ||     2
       Draw Summoning    |       |       |     1 |     1 ||     2
Evoke: Wand              |       |       |       |     7 ||     7
  Use: Scroll            |     3 |     5 |     3 |     8 ||    19
       Potion            |       |     1 |     2 |     3 ||     6
 Stab: Sleeping          |       |     2 |       |     1 ||     3
       Distracted        |       |     1 |     3 |     1 ||     5
Armor: Scale mail        |    52 |    53 |       |       ||   105
       Ring mail         |       |    27 |   122 |   147 ||   296
Dodge: Dodged            |    44 |    69 |    89 |   205 ||   407
Block: Kite shield       |    72 |   111 |   126 |   252 ||   561
       Rpst.: Long sword |     5 |    31 |    24 |    48 ||   108
